Map: Dusk Towers

Players

Didlodealer - Winner!

  • Race: Terran Terran
  • League: Gold

Grumm

  • Race: Protoss Protoss
  • League: Gold

VOD

Have the link to the VOD?

Description

Time

  • Played on: Jan. 5, 2016, 3:39 p.m.
  • Length: 10:59
Show
View Real Time Build Order
Export as new Build Order

Didlodealer Terran - Winner!

Build Orders: MMM Bio 

Get SALT Encoding   

  12  0:00  SCV  
  13  0:13  SCV  
  14  0:19  Supply Depot  
  14  0:25  SCV  
  15  0:40  SCV  
  15  0:41  Barracks  
  16  0:45  Refinery  
  16  0:53  SCV  
  17  1:05  SCV  
  18  1:17  SCV  
  19  1:33  Orbital Command  
  19  1:36  Reaper  
  20  1:47  Supply Depot  
  20  1:55  Barracks  
  20  2:05  SCV  
  21  2:14  Command Center  
  21  2:24  Bunker  
  21  2:30  Barracks Tech Lab  
  21  2:33  SCV  
  21  2:36  Refinery  
  22  2:45  Factory, Barracks Reactor, SCV  
  23  2:52  Marine  
  24  3:02  SCV  
  25  3:14  Stimpack, Marine, SCV  
  27  3:26  SCV  
  28  3:28  Refinery  
  28  3:32  Orbital Command, Marine  
  29  3:35  Marine x2  
  29  3:38  SCV  
  32  3:50  Marine, SCV  
  32  3:53  Marine x2  
  36  3:56  Supply Depot  
  36  4:02  SCV  
  37  4:03  Engineering Bay  
  37  4:04  SCV  
  38  4:13  Factory Reactor  
  38  4:14  SCV  
  38  4:16  SCV  
  40  4:18  Starport  
  40  4:23  Marine  
  40  4:24  Marine  
  42  4:25  Marauder  
  42  4:26  SCV  
  45  4:34  Missile Turret  
  45  4:36  Missile Turret  
  45  4:45  Missile Turret  
  45  4:47  SCV x2  
  45  4:51  Marine x2  
  49  4:56  Terran Infantry Weapons Level 1  
  49  5:09  Marine  
  49  5:10  Marauder, Marine  
  53  5:18  Medivac x2  
  56  5:24  SCV  
  56  5:25  SCV  
  56  5:28  Supply Depot x2  
  58  5:36  SCV  
  58  5:37  SCV, Barracks  
  58  5:40  Liberator  
  58  5:41  Barracks  
  60  5:44  Liberator  
  60  5:48  Marine, SCV  
  60  5:49  Marine  
  65  5:50  Marauder  
  71  6:17  Command Center  
  71  6:32  Marine x2  
  71  6:35  Barracks Tech Lab, Barracks Reactor  
  71  6:36  Combat Shields  
  73  6:44  Armory  
  73  6:46  Refinery  
  73  6:47  Medivac  
  73  6:49  Medivac  
  73  6:50  Terran Infantry Armor Level 1  
  77  6:56  Supply Depot  
  58  7:24  Marine x4  
  58  7:25  Marine  
  57  7:42  Marine  
  57  7:43  Marine x4  
  64  7:44  Marauder  
  61  8:00  Marine x2  
  61  8:01  Marine  
  57  8:23  Marine  
  57  8:24  Marine x5  
  59  8:32  Starport Reactor  
  59  8:41  Marine x2  
  56  8:59  Marine x4  
  59  9:09  SCV x2  
  61  9:19  Medivac x2  
  61  9:21  SCV x2  
  67  9:41  SCV  
  67  9:42  SCV  
  67  9:44  Marine x4  
  73  9:48  Missile Turret  
  73  9:53  SCV  
  73  9:54  SCV  
  68  10:06  SCV  
  68  10:08  SCV  
  68  10:10  Orbital Command  
  69  10:18  SCV  
  69  10:20  SCV  
  69  10:21  Marine x3  
  72  10:27  Missile Turret  
  74  10:30  Marine x2, SCV  
  74  10:33  SCV  
  78  10:42  SCV  
  79  10:45  SCV  
Show
View Real Time Build Order
Export as new Build Order

Grumm Protoss 

Build Orders: Dark Templar Rush 

Get SALT Encoding   

  12  0:09  Pylon  
  12  0:13  Probe (Chrono Boost)  
  13  0:23  Probe (Chrono Boost)  
  14  0:31  Gateway  
  14  0:43  Gateway  
  14  0:47  Probe (Chrono Boost)  
  15  0:56  Assimilator  
  15  0:58  Probe (Chrono Boost)  
  16  1:08  Probe (Chrono Boost)  
  17  1:14  Pylon  
  17  1:19  Probe (Chrono Boost)  
  17  1:21  Assimilator  
  18  1:33  Cybernetics Core  
  18  1:43  Probe (Chrono Boost)  
  19  1:54  Probe (Chrono Boost)  
  20  2:13  Warp Gate  
  19  2:16  Nexus  
  19  2:21  Adept  
  21  2:26  Adept  
  23  2:31  Probe (Chrono Boost)  
  24  2:41  Probe (Chrono Boost)  
  25  2:46  Pylon  
  25  2:52  Probe (Chrono Boost)  
  25  2:56  Twilight Council  
  26  3:03  Probe (Chrono Boost)  
  27  3:13  Probe (Chrono Boost)  
  27  3:19  Robotics Facility  
  28  3:24  Pylon, Probe (Chrono Boost)  
  29  3:28  Probe (Chrono Boost)  
  30  3:44  Dark Shrine  
  30  3:45  Pylon  
  30  3:51  Probe (Chrono Boost)  
  30  3:52  Probe (Chrono Boost)  
  32  3:56  Assimilator  
  32  4:00  Assimilator  
  32  4:16  Immortal  
  36  4:18  Sentry  
  38  4:26  Zealot  
  38  4:28  Probe x2 (Chrono Boost)  
  43  4:38  Probe (Chrono Boost)  
  43  4:39  Probe (Chrono Boost)  
  43  4:41  Forge  
  44  4:49  Pylon, Probe x2 (Chrono Boost)  
  46  4:56  Dark Templar  
  48  5:04  Dark Templar  
  50  5:08  Probe x2 (Chrono Boost)  
  52  5:22  Warp Prism  
  52  5:24  Protoss Ground Weapons Level 1 (Chrono Boost)  
  52  5:25  Probe (Chrono Boost)  
  52  5:26  Probe (Chrono Boost)  
  57  5:35  Probe (Chrono Boost)  
  57  5:36  Probe (Chrono Boost)  
  58  5:46  Probe (Chrono Boost)  
  58  5:47  Probe (Chrono Boost)  
  58  5:48  Gateway  
  60  5:51  Pylon  
  60  5:57  Dark Templar x2  
  64  6:12  Probe x2 (Chrono Boost)  
  64  6:14  Gateway  
  64  6:17  Gateway  
  66  6:19  Pylon  
  66  6:22  Probe (Chrono Boost)  
  66  6:23  Probe  
  66  6:25  Resonating Glaives (Chrono Boost)  
  68  6:29  Observer  
  68  6:30  Stalker  
  68  6:31  Stalker  
  73  6:37  Photon Cannon  
  73  6:40  Probe x2  
  73  7:11  Adept x2  
  61  7:31  Probe  
  61  7:32  Probe  
  61  7:33  Stalker  
  61  7:34  Stalker  
  54  7:41  Dark Templar  
  54  7:42  Dark Templar  
  54  7:43  Probe, Zealot  
  54  7:44  Probe  
  35  8:16  Dark Templar x4  
  39  8:31  Probe x2  
  39  8:34  Dark Templar  
  33  8:43  Probe  
  33  8:44  Probe  
  26  8:52  Dark Templar x2  
  26  8:53  Dark Templar  
  24  8:55  Probe  
  24  8:56  Probe  
  26  9:08  Probe x2  
  28  9:20  Probe  
  29  9:35  Archon  
  29  9:39  Archon  
  29  9:44  Photon Cannon  
  29  9:46  Photon Cannon  
  18  10:02  Probe x2  
  13  10:14  Probe  
  13  10:15  Zealot  
  13  10:16  Zealot  
  17  10:24  Sentry  
  17  10:28  Probe x2 (Chrono Boost)  
  21  10:39  Probe x2 (Chrono Boost)  
Tags
 
Composition
MMM Bio
League
GoldGold
Matchup
PvT
Replay Pack
sc2 replays 2016
Add a new tag
Caveats
  • Supply blocks, unpowered buildings, or Contaminate may cause inaccurate times.
  • Supply counts are checked every 10 seconds.